 Dungeon Crawl Stone Soup version 0.20-a0-1050-g57248f3 (webtiles) character file.

132512 nubinia the Slicer (level 17, -1/115 HPs)
             Began as a Gnoll Wanderer on Apr 23, 2017.
             Was the Champion of Kikubaaqudgha.
             Engulfed by a cloud of freezing vapour (24 damage)
             ... on level 4 of the Shoals on Apr 25, 2017.
             The game lasted 05:19:41 (30447 turns).

nubinia the Slicer (Gnoll Wanderer)                Turns: 30447, Time: 05:19:42

Health: -1/115     AC: 12    Str: 19    XL:     17   Next: 12%
Magic:  10/40      EV: 19    Int: 15    God:    Kikubaaqudgha [******]
Gold:   1154       SH: 11    Dex: 17    Spells: 2/36 levels left

rFire    + . .     SeeInvis .   a - +7 rapier (pain)
rCold    . . .     Gourm    +   A - +4 buckler of Context {*Drain rPois Slay+2}
rNeg     + + .     Faith    .   v - +2 robe {rN+}
rPois    +         Spirit   .   k - +2 hat {MR+}
rElec    .         Reflect  .   n - scarf {repulsion}
rCorr    .         Harm     .   z - +2 pair of gloves {Dex+3}
MR       +....                  p - +1 pair of boots
Stlth    ++++......             V - amulet of Finality {Gourm rN+ Int+3 Dex-2}
Regen    0.3/turn               Z - ring of magical power
MPRegen  0.3/turn               T - ring of Zaidghati {rF+ Str+5}

@: barbed spikes, flying, mesmerised, very slightly contaminated, invisible,
repel missiles
A: short attention span, fangs 1, dopey 1, frail 1, mutation resistance 1,
strong nose
a: Receive Corpses, Torment, Renounce Religion


You were on level 4 of the Shoals.
You worshipped Kikubaaqudgha.
Kikubaaqudgha was exalted by your worship.
You were not hungry.

You visited 5 branches of the dungeon, and saw 25 of its levels.
You also visited: Sewer, Ossuary and Ice Cave.

You collected 3289 gold pieces.
You spent 2135 gold pieces at shops.

Inventory:

Hand Weapons
 a - a +7 rapier of pain (weapon)
 b - a +0 blowgun
 N - a +0 fustibalus of flaming
Missiles
 u - 137 poisoned needles
 L - 4 curare-tipped needles
 O - 180 sling bullets
Armour
 k - a +2 hat of magic resistance (worn)
 n - a scarf of repulsion (worn)
 p - a +1 pair of boots (worn)
 v - a +2 robe of positive energy (worn)
 z - a +2 pair of gloves of dexterity (worn)
 A - the +4 buckler of Context (worn) {*Drain rPois Slay+2}
   (You took it off an orc on level 5 of the Dungeon)

   It affects your accuracy and damage with ranged weapons and melee attacks
   (+2).
   It protects you from poison.
   It causes draining when unequipped.
 P - a +2 cloak of poison resistance
Jewellery
 f - an uncursed ring of protection from cold
 i - an uncursed ring of protection from cold
 H - an uncursed ring of positive energy
 T - the ring of Zaidghati (right hand) {rF+ Str+5}
   (You found it on level 8 of the Dungeon)

   [ring of protection from fire]

   It affects your strength (+5).
   It protects you from fire.
 V - the amulet of Finality (around neck) {Gourm rN+ Int+3 Dex-2}
   (You found it on level 9 of the Dungeon)

   [amulet of the gourmand]

   It allows you to eat raw meat even when not hungry.
   It affects your intelligence (+3).
   It affects your dexterity (-2).
   It protects you from negative energy.
 Z - a ring of magical power (left hand)
Wands
 c - a wand of flame (21/48)
 d - a wand of iceblast (12/15)
 j - a wand of iceblast (3/15)
 q - a wand of flame (12/48)
 s - a wand of flame (33/48)
 y - a wand of disintegration (14/24)
 C - a wand of digging (10/24)
 I - a wand of disintegration (8/24)
 J - a wand of acid (8/15)
 S - a wand of clouds (5/9)
 X - a wand of flame (0/48)
 Y - a wand of random effects (9/48)
Scrolls
 e - 10 scrolls of identify
 l - 14 scrolls of remove curse
 r - 6 scrolls of teleportation
 w - 5 scrolls of blinking
 B - 2 scrolls of summoning
 E - 2 scrolls of torment
 F - 4 scrolls of fear
 Q - 2 scrolls of magic mapping
Potions
 g - 9 potions of heal wounds
 h - 3 potions of agility
 m - 9 potions of curing
 o - 3 potions of flight
 t - 2 potions of magic
 x - 2 potions of brilliance
 D - a potion of resistance
 G - 5 potions of haste
 U - 3 potions of cancellation
Comestibles
 W - 23 royal jellies


   Skills:
 - Level 10.0 Fighting
 - Level 10.9 Short Blades
   Level 1.5 Maces & Flails
 + Level 8.7(9.4) Slings
 + Level 8.6(9.4) Throwing
 + Level 8.0 Armour
 + Level 9.7 Dodging
 + Level 9.0 Stealth
 + Level 9.3 Shields
 - Level 10.1 Spellcasting
 + Level 9.8 Conjurations
 + Level 9.0 Charms
 + Level 8.0 Summonings
 - Level 10.0 Necromancy
 + Level 8.4 Translocations
 + Level 8.0 Transmutations
 + Level 8.3 Earth Magic
 + Level 9.0 Evocations


You had 2 spell levels left.
You knew the following spells:

 Your Spells              Type           Power        Failure   Level  Hunger
a - Pain                  Necr           ####         1%          1    None
b - Summon Butterflies    Summ           ####....     1%          1    None
c - Control Undead        Necr           #####.....   1%          4    ###....
d - Animate Dead          Necr           N/A          1%          4    ###....
e - Passwall              Tmut/Erth      ####......   1%          2    None
f - Force Lance           Conj/Tloc      #####...     2%          4    ###....
g - Shroud of Golubria    Chrm/Tloc      ####......   1%          2    None
h - Bolt of Draining      Conj/Necr      #####.....   4%          5    #####..
r - Regeneration          Chrm/Necr      #####.....   1%          3    None
v - Vampiric Draining     Necr           #####.....   1%          3    None
D - Dispel Undead         Necr           #####...     4%          5    #####..


Dungeon Overview and Level Annotations

Branches:
Dungeon (11/15)            Temple (0/1) D:5            Lair (6/6) D:11
 Shoals (4/4) Lair:3       Spider (0/4) Lair:2        Slime (0/5) Lair:6
    Orc (2/2) D:10            Elf (2/3) Orc:2

Altars:
Cheibriados
Elyvilon
Fedhas
Kikubaaqudgha
Makhleb
Qazlal
Ru
Vehumet
Beogh
Jiyva

Shops:
D:10 [(   Orc:2 !(:[   Elf:1 [   Elf:2 *

Portals:
Trove: Elf:2 (give 7 scrolls of blinking)

Annotations:
D:8 exclusion: oklob plant
Elf:2 3 runed doors


Innate Abilities, Weirdness & Mutations

You have a short attention span.
You have very sharp teeth.
Your uncanny sense of smell can sniff out nearby items.
You are dopey. (Int -2)
You are frail. (-10% HP)
You are somewhat resistant to further mutation.


Message History

The volley of spikes hits you!
The barbed spikes become lodged in your body.
Okay, then.
You fade into invisibility!
* * * LOW HITPOINT WARNING * * *
You block the harpy's attack. x3; The harpy barely misses you.
The drowned soul touches you. The drowned soul drowns you!
* * * LOW HITPOINT WARNING * * *
The merfolk avatar is engulfed in freezing vapours.
The merfolk avatar chants its luring song.
You are very lightly contaminated with residual magic.
Casting: Bolt of Draining
Confirm with . or Enter, or press ? or * to list all spells.
Aiming: Vampiric Draining
Press: ? - help, Shift-Dir - straight line, f/p - merfolk avatar
Aim: a merfolk avatar (freezing vapour, water, heavily wounded, mesmerising)
The merfolk avatar is heavily wounded.
You feel life coursing into your body.
You die...
Kikubaaqudgha rasps: "You have failed me!
Welcome... death!"

#≈≈≈≈≈≈≈≈≈≈≈≈≈≈(≈≈≈
#≈≈≈≈≈≈≈≈..≈≈≈(≈≈≈≈
##≈≈≈≈≈≈≈≈...≈≈≈≈≈≈≈
#≈≈≈≈≈≈≈≈≈..)≈≈≈≈≈≈≈
≈≈≈≈≈≈≈≈≈≈≈≈≈≈≈≈≈≈≈≈
≈≈≈≈≈≈≈≈≈≈≈≈≈(≈≈≈≈≈≈
≈≈≈≈≈≈≈≈≈≈≈≈....≈)≈≈
≈≈≈≈≈≈≈H≈≈(≈<#
≈≈≈≈§§§@§≈H.##
≈≈≈≈§§mW§≈/.#
≈≈≈≈§§§§≈≈.#.#
≈≈≈≈§§§≈≈≈...#
≈≈≈≈§§≈≈≈≈≈≈≈≈.
≈≈≈≈§≈≈≈≈≈≈≈≈≈≈≈
≈≈≈≈≈≈≈≈≈≈≈≈≈≈..
≈≈≈≈≈≈≈≈≈≈≈≈≈≈≈..


You could see a merfolk avatar, a manticore, a harpy and a drowned soul.

Vanquished Creatures
  Gastronok (D:8)
  A frost giant (IceCv)
  A deep elf sorcerer (Elf:1)
  A deep elf demonologist (Elf:1)
  2 deep elf annihilators
  A deep elf death mage (Elf:1)
  The ghost of herpmino the Cleaver, a journeyman FoFi of Ru (Orc:2)
  2 merfolk impalers
  2 hydras (Lair:6)
  Harold (Orc:1)
  A merfolk avatar (Shoals:1)
  A catoblepas (Lair:6)
  Erica (Orc:1)
  A deep troll shaman (Lair:6)
  3 satyrs
  An alligator snapping turtle (Shoals:2)
  3 ogre magi (Orc:2)
  A two-headed ogre (D:8)
  7 dancing weapons
  7 death yaks
  An orc high priest (Orc:2)
  The ghost of Kokiki the Blocker, a novice GrFi of Okawaru (D:9)
  8 deep elf knights
  Nergalle (Orc:2)
  6 sea snakes
  9 deep elf archers
  Pikel (D:4)
  5 harpies
  The ghost of Apogee the Transmogrifier, a novice CeTm of Okawaru (D:5)
  3 orc knights
  35 deep elf magi
  2 cyclopes
  14 fauns
  8 orc sorcerers (Orc:2)
  3 manticores
  6 merfolk sirens
  3 water nymphs
  A black mamba (shapeshifter) (D:8)
  3 black mambas
  3 elephants (Lair:6)
  A torpor snail (Lair:6)
  6 spiny frogs
  6 rime drakes
  2 gargoyles
  5 demonic crawlers (Orc:2)
  A yaktaur (Lair:3)
  6 komodo dragons
  4 trolls
  14 polar bears
  2 jumping spiders (Lair:2)
  A wind drake (Shoals:1)
  A queen bee (Lair:2)
  7 merfolk
  3 snapping turtles
  11 hippogriffs
  4 blink frogs
  10 dream sheep
  2 air elementals
  3 wyverns
  48 yaks
  A redback (Lair:4)
  2 wraiths
  A water elemental (Shoals:1)
  3 hungry ghosts
  4 basilisks
  2 vampire mosquitoes
  Grum (D:8)
  4 wargs (D:10)
  Menkaure (D:5)
  An acid dragon (D:9)
  10 water moccasins
  9 porcupines
  25 orc warriors
  2 ice beasts
  A hornet zombie (D:7)
  A slave (D:4)
  5 black bears
  4 sky beasts
  6 phantoms
  13 ogres
  26 wolves
  4 centaurs
  5 big kobolds
  17 crocodiles
  An elf zombie (Ossuary)
  10 bullfrogs
  2 scorpions
  41 killer bees
  8 wights
  A howler monkey (D:8)
  4 crimson imps
  4 centaur zombies (Ossuary)
  2 bullfrog zombies
  9 hounds
  A human zombie (Ossuary)
  6 jellies
  33 orc wizards
  2 centaur skeletons (D:10)
  3 gnoll shamans
  15 orc priests
  Crazy Yiuf (D:2)
  A bullfrog skeleton (D:7)
  2 iguanas (D:6)
  Terence (D:2)
  4 hell rats (Lair:4)
  10 worker ants
  An ogre zombie (Ossuary)
  A hound skeleton (D:4)
  7 mummies (Ossuary)
  14 gnolls
  A howler monkey skeleton (D:8)
  8 river rats
  14 adders
  4 shadow imps
  7 oozes
  6 adder zombies
  3 adder skeletons
  3 worms (D:3)
  6 dart slugs
  4 leopard geckos
  69 orcs
  10 giant cockroaches
  2 hobgoblins (D:1)
  24 jackals
  30 kobolds
  2 quokkas
  7 ball pythons
  A ball python skeleton (D:4)
  6 bats
  4 frilled lizards
  11 goblins
  6 goblin zombies (Ossuary)
  2 hobgoblin zombies (Ossuary)
  4 kobold zombies (Ossuary)
  A leopard gecko skeleton (D:4)
  An orc zombie (Ossuary)
  2 quokka skeletons (D:6)
  2 quokka zombies (Ossuary)
  20 rats
  3 rat zombies (Ossuary)
  A fungus (D:2)
  A plant (Lair:2)
887 creatures vanquished.

Vanquished Creatures (collateral kills)
  2 hydras
  A dancing weapon (Orc:2)
  3 death yaks
  A deep elf knight (Elf:2)
  An orc knight (D:10)
  4 deep elf magi
  A harpy (Shoals:1)
  6 fauns
  2 cyclopes
  2 manticores (Shoals:1)
  3 merfolk sirens (Shoals:1)
  A black mamba (Lair:6)
  A water nymph (Shoals:1)
  A gargoyle (D:10)
  2 spiny frogs
  A rime drake (Lair:6)
  A komodo dragon (Lair:3)
  2 trolls
  A queen bee (Lair:3)
  A merfolk (Shoals:1)
  4 blink frogs
  2 dream sheep (Shoals:3)
  5 hippogriffs
  A redback (Lair:2)
  A water elemental (Shoals:1)
  9 yaks
  2 vampire mosquitoes (D:11)
  A basilisk (Lair:5)
  3 water moccasins
  A porcupine (Lair:1)
  A necrophage (D:10)
  An ice beast (D:10)
  A sky beast (D:10)
  2 orc warriors
  3 wolves
  2 ogres (Orc:2)
  5 crocodiles
  A bullfrog (D:8)
  21 killer bees
  2 wights (D:8)
  A bullfrog zombie (D:10)
  A bullfrog skeleton (D:8)
  4 orc wizards
  3 hell rats (Lair:4)
  A worker ant zombie (D:8)
  2 gnolls (D:10)
  A shadow imp (D:11)
  2 oozes (D:8)
  15 orcs
  A kobold (D:8)
  7 fungi
  A plant (Lair:1)
144 creatures vanquished.

Vanquished Creatures (others)
  A rime drake (IceCv)
  3 yaks
  2 wolves (IceCv)
  3 killer bees
  An orc wizard (Orc:2)
  An orc (Orc:1)
  19 fungi
  8 plants
38 creatures vanquished.

Grand Total: 1069 creatures vanquished

Notes
Turn   | Place    | Note
-------+----------+-------------------------------------------
     0 | D:1      | nubinia the Gnoll Wanderer began the quest for the Orb.
     0 | D:1      | nubinia set off with: a +2 short sword, a potion of lignification, a +0 ring mail, a bread ration
     0 | D:1      | Reached XP level 1. HP: 20/20 MP: 1/1
   122 | D:1      | Reached XP level 2. HP: 26/26 MP: 2/2
   180 | D:1      | Reached skill level 5 in Fighting
   731 | D:2      | Reached XP level 3. HP: 27/33 MP: 3/3
   894 | D:2      | Found a white marble altar of Elyvilon.
   965 | D:2      | Noticed Terence
   985 | D:2      | Killed Terence
   985 | D:2      | Reached skill level 1 in Dodging
   985 | D:2      | Reached XP level 4. HP: 39/39 MP: 4/4
  1591 | D:3      | Found a glowing drain.
  1613 | Sewer    | Entered a sewer
  1663 | Sewer    | Noticed a big kobold
  1677 | Sewer    | Killed a big kobold
  1677 | Sewer    | Reached skill level 5 in Short Blades
  1677 | Sewer    | Reached XP level 5. HP: 44/46 MP: 5/5
  1983 | Sewer    | Reached XP level 6. HP: 22/52 MP: 6/6
  3308 | D:3      | Reached skill level 5 in Armour
  3694 | D:4      | Noticed a phantom
  3724 | D:4      | Killed a phantom
  3724 | D:4      | Reached XP level 7. HP: 52/59 MP: 7/7
  4272 | D:4      | Found a stormy altar of Qazlal.
  4272 | D:4      | Found an ancient bone altar of Kikubaaqudgha.
  4273 | D:4      | Found a sacrificial altar of Ru.
  4279 | D:4      | Became a worshipper of Kikubaaqudgha
  4352 | D:4      | Noticed Pikel
  4373 | D:4      | Killed Pikel
  4373 | D:4      | Reached skill level 5 in Stealth
  4373 | D:4      | Reached XP level 8. HP: 49/67 MP: 7/9
  4575 | D:5      | Entered Level 5 of the Dungeon
  4575 | D:5      | Noticed Menkaure
  4586 | D:5      | Killed Menkaure
  4623 | D:5      | Found a snail-covered altar of Cheibriados.
  4796 | D:5      | Noticed Apogee's ghost (novice CeTm)
  4900 | D:5      | Reached skill level 1 in Spellcasting
  4938 | D:6      | Found a sand-covered staircase.
  4955 | Ossuary  | Entered an ossuary
  5318 | Ossuary  | Reached * piety under Kikubaaqudgha
  5318 | Ossuary  | Identified Kikubaaqudgha's Papyrus of Evil Arts (Kikubaaqudgha gifted it to you in an ossuary)
  5318 | Ossuary  | Received a gift from Kikubaaqudgha
  5322 | Ossuary  | Learned a level 1 spell: Pain
  5558 | Ossuary  | Reached skill level 1 in Necromancy
  5609 | Ossuary  | Reached XP level 9. HP: 55/72 MP: 14/14
  6516 | D:6      | Reached skill level 5 in Spellcasting
  6822 | D:7      | Reached ** piety under Kikubaaqudgha
  7152 | D:7      | Reached skill level 5 in Necromancy
  7207 | D:7      | Learned a level 3 spell: Regeneration
  7255 | D:7      | Reached skill level 1 in Charms
  7518 | D:7      | Gained mutation: You are clumsy. (Dex -2) [potion of mutation]
  7518 | D:7      | Gained mutation: You possess an exceptional clarity of mind. [potion of mutation]
  7694 | D:7      | Reached XP level 10. HP: 64/79 MP: 21/21
  7886 | D:5      | Got a transparent buckler
  7892 | D:5      | Identified the +4 buckler of Context {*Drain rPois Slay+2} (You took it off an orc on level 5 of the Dungeon)
  7896 | D:5      | Learned a level 3 spell: Vampiric Draining
  7999 | D:5      | Found a staircase to the Ecumenical Temple.
  8066 | D:5      | Killed Apogee's ghost
  8066 | D:5      | Reached skill level 1 in Shields
  8241 | D:2      | Found a runed door.
  8245 | D:2      | Noticed Crazy Yiuf
  8248 | D:2      | Killed Crazy Yiuf
  8253 | D:2      | Upgraded the game from 0.20-a0-1040-gfd09691 to 0.20-a0-1043-gbd57889
  8510 | D:6      | Found a burning altar of Makhleb.
  8551 | D:6      | Learned a level 4 spell: Control Undead
  8877 | D:8      | Noticed Grum
  8891 | D:8      | Killed Grum
  8892 | D:8      | Noticed Gastronok
  8922 | D:8      | Reached *** piety under Kikubaaqudgha
  8922 | D:8      | Identified Kikubaaqudgha's Papyrus of Necromancy (Kikubaaqudgha gifted it to you on level 8 of the Dungeon)
  8922 | D:8      | Received a gift from Kikubaaqudgha
  8934 | D:8      | Learned a level 4 spell: Animate Dead
  9060 | D:8      | Got a twitching bronze ring
  9061 | D:8      | Identified the ring of Zaidghati {rF+ Str+5} (You found it on level 8 of the Dungeon)
  9169 | D:8      | Noticed a fire crab
  9214 | D:8      | Noticed a black mamba
  9214 | D:8      | a jumping spider changed into a black mamba
  9219 | D:8      | Killed a black mamba
  9505 | D:9      | Reached skill level 5 in Shields
  9508 | D:9      | Reached XP level 11. HP: 31/84 MP: 1/23
  9560 | D:9      | Reached **** piety under Kikubaaqudgha
  9672 | D:9      | Noticed Kokiki's ghost (novice GrFi)
  9702 | D:9      | Killed Kokiki's ghost
  9702 | D:9      | Reached skill level 5 in Charms
  9756 | D:9      | Learned a level 2 spell: Passwall
  9803 | D:9      | Got a twitching zirconium amulet
  9804 | D:9      | Identified the amulet of Finality {Gourm rN+ Int+3 Dex-2} (You found it on level 9 of the Dungeon)
 10405 | D:10     | Entered Level 10 of the Dungeon
 10413 | D:10     | Found Wegez's Weapon Emporium.
 10415 | D:10     | Found a staircase to the Orcish Mines.
 10417 | D:10     | Found Geashiopt's Armour Emporium.
 10433 | D:10     | Reached skill level 1 in Earth Magic
 10472 | D:10     | Bought a +0 pair of boots for 72 gold pieces
 11262 | D:10     | Lost mutation: You are clumsy. (Dex -2) [potion of mutation]
 11262 | D:10     | Lost mutation: You possess an exceptional clarity of mind. [potion of mutation]
 11262 | D:10     | Gained mutation: You are clumsy. (Dex -2) [potion of mutation]
 11262 | D:10     | Gained mutation: Your spells are a little harder to cast, but a little more powerful. [potion of mutation]
 11262 | D:10     | Gained mutation: Your flesh is cold resistant. (rC+) [potion of mutation]
 11262 | D:10     | Gained mutation: You have a somewhat thin skeletal structure. (Dex +2, Stealth) [potion of mutation]
 11357 | D:10     | Reached ***** piety under Kikubaaqudgha
 11630 | D:10     | Reached skill level 5 in Evocations
 12418 | D:11     | Reached XP level 12. HP: 23/91 MP: 7/25
 12695 | D:11     | Found a staircase to the Lair.
 12869 | D:11     | Learned a level 2 spell: Shroud of Golubria
 12875 | D:11     | Learned a level 5 spell: Dispel Undead
 12881 | D:11     | Learned a level 5 spell: Bolt of Draining
 12882 | Lair:1   | Entered Level 1 of the Lair of Beasts
 12916 | Lair:1   | Reached skill level 1 in Translocations
 13188 | Lair:1   | Noticed a seven-headed hydra
 13195 | Lair:1   | Killed a seven-headed hydra
 13195 | Lair:1   | Reached skill level 10 in Spellcasting
 13195 | Lair:1   | Reached skill level 1 in Conjurations
 13796 | Lair:2   | Reached skill level 10 in Necromancy
 13846 | Lair:2   | Found a hole to the Spider Nest.
 14458 | Lair:2   | Reached ****** piety under Kikubaaqudgha
 14496 | Lair:2   | Identified a +5 rapier of pain (a +3 rapier bloodied by Kikubaaqudgha)
 14496 | Lair:2   | Received a gift from Kikubaaqudgha
 14726 | Lair:3   | Reached skill level 5 in Translocations
 14730 | Lair:3   | Found a frozen archway.
 14735 | Lair:3   | Reached skill level 5 in Conjurations
 14956 | IceCv    | Entered an ice cave
 15048 | IceCv    | Reached XP level 13. HP: 73/96 MP: 27/27
 15053 | IceCv    | Reached skill level 1 in Transmutations
 15533 | IceCv    | Noticed a frost giant
 15553 | IceCv    | Killed a frost giant
 15904 | D:8      | Lost mutation: Your spells are a little harder to cast, but a little more powerful. [potion of mutation]
 15904 | D:8      | Lost mutation: You are clumsy. (Dex -2) [potion of mutation]
 15904 | D:8      | Lost mutation: Your flesh is cold resistant. (rC+) [potion of mutation]
 15904 | D:8      | Lost mutation: You have a somewhat thin skeletal structure. (Dex +2, Stealth) [potion of mutation]
 15904 | D:8      | Gained mutation: You occasionally shout uncontrollably at your foes. [potion of mutation]
 15904 | D:8      | Gained mutation: Your body sometimes deteriorates upon taking damage. [potion of mutation]
 15904 | D:8      | Gained mutation: You have a pair of small horns on your head. [potion of mutation]
 15959 | D:8      | Killed Gastronok
 15959 | D:8      | Reached skill level 1 in Slings
 16413 | D:8      | Found a blossoming altar of Fedhas.
 17006 | Lair:3   | Found a staircase to the Shoals.
 17152 | Lair:3   | Reached skill level 5 in Earth Magic
 17158 | Lair:3   | Reached skill level 5 in Transmutations
 17256 | Lair:3   | Got a pair of transparent gloves
 17262 | Lair:3   | Identified the +0 pair of gloves of Dim Light {rElec rC- Stlth+} (You found it on level 3 of the Lair of Beasts)
 17639 | Lair:3   | Identified a scroll of acquirement
 18203 | Lair:4   | Reached XP level 14. HP: 103/103 MP: 25/28
 18967 | Lair:4   | Reached skill level 5 in Throwing
 19181 | Lair:5   | Learned a level 1 spell: Summon Butterflies
 19291 | Lair:5   | Lost mutation: Your body sometimes deteriorates upon taking damage. [potion of mutation]
 19291 | Lair:5   | Lost mutation: You occasionally shout uncontrollably at your foes. [potion of mutation]
 19291 | Lair:5   | Gained mutation: You are clumsy. (Dex -2) [potion of mutation]
 19291 | Lair:5   | Gained mutation: You are dopey. (Int -2) [potion of mutation]
 19291 | Lair:5   | Gained mutation: You are partially covered in large bone plates. (SH +4) [potion of mutation]
 19291 | Lair:5   | Gained mutation: You are covered in fur. (AC +1) [potion of mutation]
 19552 | Lair:6   | Entered Level 6 of the Lair of Beasts
 19626 | Lair:6   | Reached skill level 1 in Summonings
 19736 | Lair:6   | Reached skill level 5 in Slings
 20265 | Lair:6   | Found a viscous altar of Jiyva.
 20268 | Lair:6   | Found a staircase to the Slime Pits.
 20525 | Lair:6   | Identified the +5 war axe "Sarcophage" {freeze, *Drain Str+4 Int+3} (You found it on level 6 of the Lair of Beasts)
 21179 | Orc:1    | Entered Level 1 of the Orcish Mines
 21330 | Orc:1    | Found a roughly hewn altar of Beogh.
 21344 | Orc:1    | Noticed Erica
 21357 | Orc:1    | Killed Erica
 21604 | Orc:2    | Entered Level 2 of the Orcish Mines
 21770 | Orc:1    | Reached XP level 15. HP: 106/112 MP: 29/29
 21796 | Orc:2    | Noticed herpmino's ghost (journeyman FoFi)
 21802 | Orc:2    | Killed herpmino's ghost
 22027 | Orc:2    | Reached skill level 5 in Summonings
 22041 | Orc:2    | Paralysed by an orc sorcerer for 6 turns
 22244 | Orc:2    | Found a roughly hewn altar of Beogh.
 22290 | Orc:2    | Found a staircase to the Elven Halls.
 22329 | Orc:1    | Noticed Harold
 22426 | Orc:1    | Killed Harold
 22804 | Orc:2    | Found Nakka's Antique Armour Shoppe.
 22850 | Orc:2    | Bought a heavy robe for 165 gold pieces
 22850 | Orc:2    | Identified the cursed -5 robe of Misfortune {-Cast *Contam *Tele *Drain EV-5 Stlth-- *Curse} (You bought it in a shop on level 2 of the Orcish Mines)
 22925 | Orc:2    | Found a radiant altar of Vehumet.
 22966 | Orc:2    | Found Coacamm's Distillery.
 22996 | Orc:2    | Found an ancient bone altar of Kikubaaqudgha.
 22997 | Orc:2    | Noticed Nergalle
 23272 | Orc:2    | Killed Nergalle
 23273 | Orc:2    | Found Uvele's Antique Weapon Shoppe.
 23472 | Orc:2    | Found a roughly hewn altar of Beogh.
 23487 | Orc:2    | Bought a scorched mace for 200 gold pieces
 23487 | Orc:2    | Identified the cursed +1 mace "Oxoheum" {venom, rElec Dex+3} (You bought it in a shop on level 2 of the Orcish Mines)
 23555 | Orc:2    | Found Puosut's Book Emporium.
 23617 | Orc:2    | Bought a potion of mutation for 104 gold pieces
 23617 | Orc:2    | Lost mutation: You have a pair of small horns on your head. [potion of mutation]
 23617 | Orc:2    | Lost mutation: You are dopey. (Int -2) [potion of mutation]
 23617 | Orc:2    | Lost mutation: You are clumsy. (Dex -2) [potion of mutation]
 23617 | Orc:2    | Lost mutation: You are partially covered in large bone plates. (SH +4) [potion of mutation]
 23617 | Orc:2    | Lost mutation: You are covered in fur. (AC +1) [potion of mutation]
 23617 | Orc:2    | Gained mutation: Your magical capacity is low. (-10% MP) [potion of mutation]
 23617 | Orc:2    | Gained mutation: Your body sometimes deteriorates upon taking damage. [potion of mutation]
 23617 | Orc:2    | Gained mutation: Your movements are slightly less encumbered by armour. (ER -2) [potion of mutation]
 23619 | Orc:2    | Bought 2 potions of magic for 208 gold pieces
 23745 | Orc:2    | Upgraded the game from 0.20-a0-1043-gbd57889 to 0.20-a0-1050-g57248f3
 23784 | Elf:1    | Entered Level 1 of the Elven Halls
 24481 | Orc:2    | Bought a book of the Warp for 1170 gold pieces
 24486 | Orc:2    | Learned a level 4 spell: Force Lance
 25324 | Elf:1    | Found Kocucz Gooh's Armour Shop.
 25336 | Elf:1    | Bought a +1 cloak of poison resistance for 216 gold pieces
 25518 | Elf:1    | Noticed a deep elf sorcerer
 25533 | Elf:1    | Killed a deep elf sorcerer
 25544 | Elf:1    | Identified the Papyrus of Arcane Weapons
 25910 | Elf:1    | Reached skill level 10 in Short Blades
 25910 | Elf:1    | Reached XP level 16. HP: 102/120 MP: 16/27
 26457 | Elf:2    | Found Ropuecao's General Store.
 26742 | Elf:2    | Found a portal to a secret trove of treasure.
 27047 | Elf:2    | Found a runed gate.
 27047 | Elf:2    | Found a runed gate.
 27048 | Elf:2    | Found a runed gate.
 27660 | Shoals:1 | Entered Level 1 of the Shoals
 27912 | Shoals:1 | Lost mutation: Your magical capacity is low. (-10% MP) [potion of mutation]
 27912 | Shoals:1 | Lost mutation: Your body sometimes deteriorates upon taking damage. [potion of mutation]
 27912 | Shoals:1 | Lost mutation: Your movements are slightly less encumbered by armour. (ER -2) [potion of mutation]
 27912 | Shoals:1 | Gained mutation: Scrolls take you a little longer to read. [potion of mutation]
 27912 | Shoals:1 | Gained mutation: You are agile. (Dex +2) [potion of mutation]
 27912 | Shoals:1 | Gained mutation: You can translocate small distances at will. [potion of mutation]
 30014 | Shoals:3 | Reached skill level 10 in Fighting
 30078 | Shoals:3 | Reached XP level 17. HP: 96/128 MP: 24/31
 30184 | Shoals:3 | Lost mutation: You are agile. (Dex +2) [potion of mutation]
 30184 | Shoals:3 | Lost mutation: Scrolls take you a little longer to read. [potion of mutation]
 30184 | Shoals:3 | Lost mutation: You can translocate small distances at will. [potion of mutation]
 30184 | Shoals:3 | Gained mutation: You are dopey. (Int -2) [potion of mutation]
 30184 | Shoals:3 | Gained mutation: You are frail. (-10% HP) [potion of mutation]
 30184 | Shoals:3 | Gained mutation: You are somewhat resistant to further mutation. [potion of mutation]
 30375 | Shoals:4 | Entered Level 4 of the Shoals
 30447 | Shoals:4 | Engulfed by a cloud of freezing vapour

Vault maps used:
D:1:      kennysheep_arrival_forest
D:2:      first_bread, elyvilon_altar_4, uniq_terence, uniq_crazy_yiuf_cottage
D:3:      cheibrodos_sewer_entry_sluice
D:4:      gammafunk_temple_overflow_claw, uniq_pikel
D:5:      minmay_temple_entry_nine_rooms, kennysheep_slug_shrine, uniq_menkaure
D:6:      nicolae_ossuary_entry_ruins, makhleb_heckhound_becter
D:8:      hangedman_cross_veins, tgw_fedhas, hangedman_little_slice_of_home,
          uniq_grum, uniq_gastronok
D:9:      basic_loot_grate_trap
D:10:     orc_david_3, kennysheep_kite_vault
D:11:     grunt_lair_entry_orc_guard_hut, kennysheep_small_square
Lair:1:   grunt_megastairs_2
Lair:2:   spider_nest_entry_a, special_room
Lair:3:   regret_index_bee_streams, shoals_dummy_entry, portal_ice_cave_rime
Lair:4:   serial_bayou_shore_a
Lair:5:   minivault_19, serial_bayou_pond_d, beast_lair_carwin_11
Lair:6:   grunt_lair_end_beastmaster, slime_altar_1
Shoals:4: shoals_end_simple, shoals_ilsuiw_alternative, yaktaur_hedge
Orc:1:    mines1_david, uniq_harold, uniq_erica
Orc:2:    kennysheep_orc_mage_school, basic_altar
Elf:1:    serial_shops, shop, minmay_elf_annihilation,
          einodemon_crawler_minivault
Elf:2:    enter_trove_6, serial_shops, nicolae_shop_stone, uniq_agnes
Sewer:    sewer_minmay_treatment
Ossuary:  ossuary_boxes_badplayer
IceCv:    ice_cave_caverns_03

Skill      XL: |  1  2  3  4  5  6  7  8  9 10 11 12 13 14 15 16 |
---------------+-------------------------------------------------+-----
Fighting       | 5 6 7 8 9 10 | 10.0
Short Blades   | 4 5 6 7 9 10 | 10.9
Dodging        | 1 2 3 6 7 8 9 |  9.7
Armour         | 4 5 6 7 8 |  8.0
Stealth        | 3 5 7 8 9 |  9.0
Evocations     | 2 3 6 7 8 9 |  9.0
Spellcasting   | 3 7 8 9 10 | 10.1
Necromancy     | 1 6 8 9 10 | 10.0
Throwing       | 3 4 5 7 8 |  8.6
Charms         | 1 4 5 6 7 9 |  9.0
Shields        | 5 7 8 9 |  9.3
Earth Magic    | 1 5 8 |  8.3
Translocations | 5 7 8 |  8.4
Conjurations   | 5 7 8 9 |  9.8
Transmutations | 5 7 8 |  8.0
Slings         | 3 5 7 8 |  8.7
Summonings     | 4 8 |  8.0
Maces & Flails | |  1.5

Action                   |  1- 3 |  4- 6 |  7- 9 | 10-12 | 13-15 | 16-18 || total
-------------------------+-------+-------+-------+-------+-------+-------++-------
Melee: Short sword       |   105 |   358 |   334 |       |       |       ||   797
       Bite              |     4 |    23 |    52 |    97 |   112 |    25 ||   313
       Rapier            |       |       |   157 |   877 |   929 |   188 ||  2151
       Headbutt          |       |       |       |       |   129 |       ||   129
 Fire: Blowgun           |       |       |    12 |       |    74 |    96 ||   182
       Fustibalus        |       |       |       |       |   115 |    90 ||   205
Throw: Tomahawk          |       |       |       |     1 |       |       ||     1
       Stone             |       |       |       |       |     4 |       ||     4
 Cast: Pain              |       |       |    25 |    71 |    33 |       ||   129
       Vampiric Draining |       |       |       |    47 |    38 |    16 ||   101
       Animate Dead      |       |       |       |    68 |   122 |    42 ||   232
       Control Undead    |       |       |       |    10 |     1 |       ||    11
       Regeneration      |       |       |       |     9 |    10 |     8 ||    27
       Passwall          |       |       |       |     2 |     2 |     2 ||     6
       Bolt of Draining  |       |       |       |     4 |    85 |    51 ||   140
       Dispel Undead     |       |       |       |     2 |     8 |     3 ||    13
       Shroud of Golubri |       |       |       |     1 |     6 |     6 ||    13
       Force Lance       |       |       |       |       |    11 |    25 ||    36
Invok: Brand Weapon With |       |       |       |     1 |       |       ||     1
Evoke: Wand              |       |       |     7 |    18 |    23 |    39 ||    87
  Use: Potion            |     3 |     1 |     8 |     6 |     9 |     5 ||    32
       Scroll            |     2 |     4 |     5 |    16 |    24 |     7 ||    58
 Stab: Sleeping          |       |     2 |    22 |    27 |    12 |    10 ||    73
       Distracted        |       |       |     1 |    11 |    12 |     2 ||    26
       Invisible         |       |       |       |       |     2 |       ||     2
  Eat: Chunk             |       |     9 |    13 |    41 |    73 |    31 ||   167
       Fruit             |       |       |     3 |     1 |       |       ||     4
       Royal jelly       |       |       |       |     1 |       |       ||     1
Armor: Ring mail         |    38 |    47 |       |       |       |       ||    85
       Skin              |     8 |     3 |       |       |       |       ||    11
       Leather armour    |       |    22 |    95 |   132 |    76 |       ||   325
       Troll leather arm |       |       |       |       |    40 |       ||    40
       Robe              |       |       |       |       |    76 |    20 ||    96
Dodge: Dodged            |    50 |   153 |   286 |   451 |   555 |   117 ||  1612
       Deflected         |       |       |       |     3 |    14 |    42 ||    59
Block: Buckler           |       |       |       |   343 |   501 |    92 ||   936
